 Dungeon Crawl Stone Soup version 0.21.1-1-g345015f (webtiles) character file.

893 Mirai the Chopper (level 7, -9/55 HPs)
             Began as a Demonspawn Fighter on Mar 14, 2018.
             Mangled by Menkaure (13 damage)
             ... on level 5 of the Dungeon.
             The game lasted 00:06:18 (3739 turns).

Mirai the Chopper (Demonspawn Fighter)              Turns: 3739, Time: 00:06:19

Health: -9/55      AC:  4    Str: 18    XL:     7   Next: 78%
Magic:  7/7        EV: 13    Int:  9    God:
Gold:   236        SH:  0    Dex: 15    Spells: 6/6 levels left

rFire    . . .     SeeInvis .   a - +0 war axe
rCold    + . .     Gourm    .   (no shield)
rNeg     . . .     Faith    .   x - +2 robe {MR+}
rPois    .         Spirit   .   (helmet restricted)
rElec    .         Reflect  .   (no cloak)
rCorr    .         Harm     .   (no gloves)
MR       +....                  (no boots)
Stlth    ++........             (no amulet)
HPRegen  0.18/turn              e - ring of wizardry
MPRegen  0.10/turn              b - ring of protection from cold

@: no status effects
A: horns 1, thin skeletal structure 1, rot immunity
a: no special abilities


You were on level 5 of the Dungeon.
You were not hungry.

You visited 1 branch of the dungeon, and saw 5 of its levels.

You collected 236 gold pieces.

Inventory:

Hand Weapons
 a - a +0 war axe (weapon)
Armour
 c - a +0 shield
 x - a +2 robe of magic resistance (worn)
Magical Staves
 h - an uncursed staff of death {unknown}
Jewellery
 b - a ring of protection from cold (right hand)
 e - a ring of wizardry (left hand)
 y - an uncursed amulet of faith
Wands
 q - a wand of polymorph (8)
Scrolls
 i - 2 scrolls of enchant armour {unknown}
 j - 3 scrolls of teleportation {unknown}
 o - 2 scrolls of identify {unknown}
 p - 2 scrolls of magic mapping {unknown}
 s - 2 scrolls of remove curse {unknown}
 u - 2 scrolls of amnesia {unknown}
 v - 2 scrolls of blinking {unknown}
 z - 2 scrolls of noise {unknown}
 A - a scroll of enchant weapon {unknown}
Potions
 g - a potion of ambrosia {unknown}
 k - 4 potions of cancellation {unknown}
 l - a potion of agility
 m - a potion of resistance {unknown}
 n - 2 potions of flight {unknown}
 r - a potion of invisibility {unknown}
 t - a potion of lignification {unknown}
 w - a potion of curing {unknown}
 B - a potion of heal wounds {unknown}
Comestibles
 f - 11 rations


   Skills:
 + Level 4.3 Fighting
 + Level 5.6 Axes
 + Level 4.7 Armour
 * Level 3.2 Dodging
 - Level 2.6 Shields


You had 6 spell levels left.
You didn't know any spells.

Dungeon Overview and Level Annotations

Branches:
Dungeon (5/15)
 Temple: D:4-7

Altars:
Dithmenos
Elyvilon
Kikubaaqudgha

Annotations:
D:5 Menkaure


Innate Abilities, Weirdness & Mutations

You have a pair of small horns on your head.
You have a somewhat thin skeletal structure. (Dex +2, Stealth)
You are immune to rotting.


Message History

Menkaure gestures at you while chanting.
You resist with some effort. Menkaure hits you!!
You barely miss Menkaure. Menkaure hits you.
You barely miss Menkaure. Menkaure hits you!!
* * * LOW HITPOINT WARNING * * *
You hit Menkaure but do no damage. Menkaure hits you.
* * * LOW HITPOINT WARNING * * *
You slash Menkaure!
You headbutt Menkaure, but do no damage.
Menkaure is heavily damaged.
Menkaure closely misses you.
You hit Menkaure.
Menkaure is severely damaged.
Menkaure closely misses you.
You slash Menkaure! Your headbutt misses Menkaure.
Menkaure is almost destroyed.
Menkaure breathes soot at you. Menkaure hits you!
You die...

# #####.## #..#
#.#......#
#..###.#.####.#
#..#......###.##
#..#.#.#..##...## #
#..# #.#.##.....###
#(.# # #.#.......##
#.M# #....._.....
#.@#####.#.......#+
#........##.....###
##.#####.###...##.#
#.# #.####.###.#
#.# #...........
#.##############.#
#.#............#..
#.#.##########.###
##.#.# #.#


You could see Menkaure.

Vanquished Creatures
  The ghost of TheNamelessOne the Firebug, a novice DsFE (D:4)
  Grinder (D:5)
  Sigmund (D:3)
  Blork the orc (D:4)
  A crimson imp (D:5)
  A hound (D:4)
  6 adders
  2 worms
  A dart slug (D:2)
  4 leopard geckos
  10 orcs
  4 ball pythons
  2 giant cockroaches
  4 goblins
  7 hobgoblins
  5 jackals
  6 kobolds
  8 bats
  8 frilled lizards
  13 rats
86 creatures vanquished.

Notes
Turn   | Place    | Note
-------+----------+-------------------------------------------
     0 | D:1      | Mirai the Demonspawn Fighter began the quest for the Orb.
     0 | D:1      | Reached XP level 1. HP: 18/18 MP: 1/1
   101 | D:1      | Gained mutation: You have a pair of small horns on your head. [demonic ancestry]
   101 | D:1      | Reached XP level 2. HP: 21/24 MP: 2/2
   291 | D:1      | Reached skill level 2 in Axes
   824 | D:2      | Reached XP level 3. HP: 24/29 MP: 3/3
   859 | D:2      | Reached skill level 1 in Dodging
  1008 | D:2      | Found an ancient bone altar of Kikubaaqudgha.
  1066 | D:2      | Found a white marble altar of Elyvilon.
  1381 | D:3      | Gained mutation: You have a somewhat thin skeletal structure. (Dex +2, Stealth) [demonic ancestry]
  1381 | D:3      | Reached XP level 4. HP: 35/35 MP: 4/4
  1410 | D:3      | Noticed Sigmund
  1422 | D:3      | Killed Sigmund
  1422 | D:3      | Reached skill level 3 in Axes
  1422 | D:3      | Reached XP level 5. HP: 38/42 MP: 5/5
  2160 | D:4      | Reached XP level 6. HP: 48/48 MP: 6/6
  2284 | D:4      | Reached skill level 4 in Axes
  2342 | D:4      | Noticed Blork the orc
  2356 | D:4      | Killed Blork the orc
  2417 | D:4      | Noticed TheNamelessOne's ghost (novice DsFE)
  2938 | D:4      | Killed TheNamelessOne's ghost
  2938 | D:4      | Reached skill level 5 in Axes
  2938 | D:4      | Gained mutation: You are immune to rotting. [demonic ancestry]
  2938 | D:4      | Reached XP level 7. HP: 30/54 MP: 7/7
  3155 | D:5      | Entered Level 5 of the Dungeon
  3406 | D:5      | Found a shadowy altar of Dithmenos.
  3445 | D:5      | Noticed Grinder
  3447 | D:5      | Paralysed by Grinder for 5 turns
  3465 | D:5      | Killed Grinder
  3729 | D:5      | Noticed Menkaure
  3739 | D:5      | Mangled by Menkaure

Skill      XL: |  1  2  3  4  5  6  7 |
---------------+----------------------+-----
Axes           | 2 3 5 |  5.6
Armour         | 3 4 |  4.7
Dodging        | 1 2 3 |  3.2
Fighting       | 4 |  4.3
Shields        | |  2.6

Action                   |  1- 3 |  4- 6 |  7- 9 || total
-------------------------+-------+-------+-------++-------
Melee: War axe           |   114 |    91 |    32 ||   237
       Headbutt          |    13 |    21 |    10 ||    44
       Unarmed           |       |    15 |       ||    15
  Use: Potion            |       |     4 |       ||     4
 Stab: Sleeping          |       |     1 |     1 ||     2
  Eat: Chunk             |     2 |     5 |     2 ||     9
Armor: Scale mail        |    31 |       |       ||    31
       Chain mail        |    54 |    45 |       ||    99
       Skin              |       |     4 |       ||     4
       Robe              |       |     4 |     3 ||     7
Dodge: Dodged            |    80 |    86 |    12 ||   178
